 Dungeon Crawl Stone Soup version 0.20-a0-738-gb057e68 (webtiles) character file.

147 Alarkh the Slasher (level 5, 0/41 HPs)
             Began as a Mummy Monk on Feb 23, 2017.
             Slain by Purgy (2 damage)
             ... in a sewer.
             The game lasted 00:03:53 (3463 turns).

Alarkh the Slasher (Mummy Monk)                     Turns: 3463, Time: 00:03:54

Health: 0/41       AC:  3    Str: 15    XL:     5   Next: 7%
Magic:  5/5        EV: 13    Int: 10    God:
Gold:   113        SH:  0    Dex: 14    Spells: 4/4 levels left

rFire    x . .     SeeInvis .   a - +0 falchion
rCold    + . .     Gourm    .   b - +0 robe
rNeg     + + +     Faith    .   (no shield)
rPois    ∞         Spirit   .   (no helmet)
rElec    .         Reflect  .   (no cloak)
rCorr    .         Harm     .   (no gloves)
MR       .....                  e - +0 pair of boots
Stlth    ++........             (no amulet)
Regen    0.2/turn               (no ring)
MPRegen  0.1/turn               (no ring)

@: no status effects
A: no food or potions, fire vulnerability, cold resistance 1, negative energy
resistance 3, torment resistance, unbreathing
a: no special abilities


You were in a sewer.
You were not hungry.

You visited 1 branch of the dungeon, and saw 3 of its levels.
You also visited: Sewer.

You collected 113 gold pieces.

Inventory:

Hand Weapons
 a - a +0 falchion (weapon)
Armour
 b - a +0 robe (worn)
 e - a +0 pair of boots (worn)
 f - a scarf of cold resistance
Scrolls
 c - a scroll of identify
 d - a scroll of remove curse


   Skills:
 + Level 3.6 Fighting
 * Level 3.9 Long Blades
 + Level 3.2 Dodging
 - Level 1.5 Stealth


You had 4 spell levels left.
You didn't know any spells.

Dungeon Overview and Level Annotations

Branches:
Dungeon (3/15)

Altars:

Annotations:
D:3 Sapher's ghost, weakling TrMo; Terence Sewer Purgy


Innate Abilities, Weirdness & Mutations

You do not eat or drink.
Your flesh is vulnerable to fire.
You are immune to poison.
Your flesh is cold resistant. (rC+)
You are immune to negative energy. (rN+++)
You are immune to unholy pain and torment.
You can survive without breathing.


Message History

You see here 18 gold pieces.
You now have 100 gold pieces (gained 18).
Purgy misses you. Purgy claws you. Purgy closely misses you. Purgy bites you.
Purgy barely misses you. Purgy claws you but does no damage.
Purgy hisses menacingly.
Purgy closely misses you. Purgy claws you but does no damage. Purgy claws you.
You see here 25 stones.
You see here an embroidered scarf.
f - an embroidered scarf Purgy completely misses you.
Purgy claws you. Purgy claws you but does no damage.
You see here 13 gold pieces.
You now have 113 gold pieces (gained 13).
Purgy bites you.
* * * LOW HITPOINT WARNING * * *
Purgy claws you but does no damage. Purgy barely misses you. Purgy bites you.
* * * LOW HITPOINT WARNING * * *
Purgy claws you.
You die...

##.....## ##...##
##.## #.# #.# #.#
####### #.#
##.....## #.#
#.......#
######.####.....@T#
.................(#
###########.....$.#
#.......# ##.....##
#######


You could see Purgy.

Vanquished Creatures
  A gnoll (D:1)
  6 adders
  An ooze (D:2)
  5 dart slugs
  2 worms (D:2)
  3 leopard geckos
  2 orcs (D:3)
  8 bats
  4 giant cockroaches
  5 goblins
  8 hobgoblins
  4 kobolds
  2 ball pythons (D:1)
  5 frilled lizards
  6 rats
62 creatures vanquished.

Vanquished Creatures (others)
  2 rats (D:3)
2 creatures vanquished.

Grand Total: 64 creatures vanquished

Notes
Turn   | Place    | Note
-------+----------+-------------------------------------------
     0 | D:1      | Alarkh the Mummy Monk began the quest for the Orb.
     0 | D:1      | Reached XP level 1. HP: 18/18 MP: 1/1
   161 | D:1      | Reached XP level 2. HP: 18/24 MP: 2/2
   612 | D:1      | Reached XP level 3. HP: 29/29 MP: 3/3
  1494 | D:2      | Reached XP level 4. HP: 32/35 MP: 4/4
  2752 | D:3      | Noticed Terence
  2772 | D:3      | Noticed Sapher's ghost (weakling TrMo)
  3073 | D:3      | Reached XP level 5. HP: 32/41 MP: 5/5
  3137 | D:3      | Found a glowing drain.
  3146 | Sewer    | Entered a sewer
  3391 | Sewer    | Noticed Purgy
  3463 | Sewer    | HP: 2/41 [Purgy (5)]
  3463 | Sewer    | Slain by Purgy

Vault maps used:
D:1:      minmay_arrival_radiant_lines, kennysheep_another_room
D:2:      first_bread
D:3:      portal_sewer_entry_b, uniq_terence
Sewer:    sewer_big_baddie

Skill      XL: |  1  2  3  4 |
---------------+-------------+-----
Long Blades    | 3 |  3.9
Dodging        | 3 |  3.2
Fighting       | |  3.6
Stealth        | |  1.5

Action                   |  1- 3 |  4- 6 || total
-------------------------+-------+-------++-------
Melee: Falchion          |    74 |   118 ||   192
  Use: Scroll            |     1 |     2 ||     3
 Stab: Sleeping          |       |     1 ||     1
Armor: Robe              |     4 |    32 ||    36
Dodge: Dodged            |    52 |   119 ||   171
       Rpst.: Falchion   |    24 |    35 ||    59
